 Dungeon Crawl Stone Soup version 0.21-a0-578-gc6e9d75 (webtiles) character file.

178 vishdafish the Charmwright (level 5, -2/38 HPs)
             Began as a Demonspawn Skald on Dec 18, 2017.
             Slain by Natasha (5 damage)
             ... on level 3 of the Dungeon.
             The game lasted 00:03:48 (2901 turns).

vishdafish the Charmwright (Demonspawn Skald)       Turns: 2901, Time: 00:03:49

Health: -2/38      AC:  5    Str: 12    XL:     5   Next: 32%
Magic:  6/8        EV: 12    Int: 20    God:
Gold:   105        SH:  0    Dex: 12    Spells: 7/8 levels left

rFire    + . .     SeeInvis .   t - +0 trident
rCold    . . .     Gourm    .   (no shield)
rNeg     . . .     Faith    .   b - +0 leather armour
rPois    +         Spirit   .   (no helmet)
rElec    .         Reflect  .   (no cloak)
rCorr    .         Harm     .   (no gloves)
MR       .....                  (no boots)
Stlth    +.........             (no amulet)
HPRegen  0.12/turn              r - ring of protection from fire
MPRegen  0.11/turn              k - ring of poison resistance

@: brilliant, infused, flying
A: slimy green scales 1
a: no special abilities


You were on level 3 of the Dungeon.
You were very hungry.

You visited 1 branch of the dungeon, and saw 3 of its levels.

You collected 105 gold pieces.

Inventory:

Hand Weapons
 a - a +0 spear
 t - a +0 trident (weapon)
Armour
 b - a +0 leather armour (worn)
Jewellery
 f - an uncursed ring of flight
 k - a ring of poison resistance (right hand)
 r - a ring of protection from fire (left hand)
Scrolls
 h - a scroll of enchant armour {unknown}
 j - a scroll of teleportation {unknown}
 m - 3 scrolls of identify {unknown}
 o - a scroll of immolation {unknown}
 q - a scroll of blinking {unknown}
 u - a scroll of fear {unknown}
 v - a scroll of amnesia {unknown}
Potions
 e - a potion of brilliance
 g - 3 potions of flight
 i - a potion of magic {unknown}
 l - a potion of mutation {unknown}
 n - 2 potions of degeneration {unknown}
 p - a potion of haste {unknown}
 s - 3 potions of curing {unknown}
Books
 c - a book of Battle

   Spells                             Type                      Level
   a - Infusion                       Charms                       1
   b - Shroud of Golubria             Charms/Translocation         2
   c - Song of Slaying                Charms                       2
   d - Spectral Weapon                Hexes/Charms                 3
   e - Regeneration                   Charms/Necromancy            3
Comestibles
 d - a ration


   Skills:
 - Level 2.0 Fighting
 * Level 3.4 Polearms
 + Level 2.1 Armour
 + Level 2.7 Dodging
 - Level 2.0 Spellcasting
 + Level 3.4 Charms


You had 7 spell levels left.
You knew the following spells:

 Your Spells              Type           Power        Failure   Level  Hunger
a - Infusion              Chrm           ####         1%          1    #......


Dungeon Overview and Level Annotations

Branches:
Dungeon (3/15)

Altars:

Annotations:
D:3 Natasha


Innate Abilities, Weirdness & Mutations

You are partially covered in slimy green scales. (AC +2)


Message History

Natasha is moderately wounded.
Natasha barely misses you.
Casting: Infusion
Confirm with . or Enter, or press ? or * to list all spells.
You begin infusing your attacks with magical energy.
The crimson imp blinks!
Natasha extends her claws.
Natasha claws you!
* * * LOW HITPOINT WARNING * * *
The shadow imp misses you.
It was a potion of flight.
You feel very buoyant.
You fly up into the air.
You are feeling very hungry.
Natasha claws you but does no damage. The shadow imp hits you.
* * * LOW HITPOINT WARNING * * *
It was a potion of brilliance.
You feel clever all of a sudden. Natasha claws you.
You die...

##### #.
#######...########.
#.........(........
#####†#####............
#...(.# ####.########
#.....########.# #####.
#.(............# #.....
#.....########## #.....
##+##.@h...).. #.....
#.5....... #.....
#...5..... #.....
#.!....... ######
!>.....?.. ###........
#........ #.(......


You could see Natasha, a crimson imp and a shadow imp.

Vanquished Creatures
  An orc priest (D:2)
  Natasha (D:3)
  A worker ant (D:2)
  An adder (D:3)
  A dart slug (D:1)
  3 leopard geckos
  4 orcs
  2 ball pythons (D:1)
  8 bats
  4 giant cockroaches
  13 hobgoblins
  9 jackals
  A quokka (D:2)
  3 frilled lizards
  7 goblins
  4 kobolds
  9 rats
72 creatures vanquished.

Notes
Turn   | Place    | Note
-------+----------+-------------------------------------------
     0 | D:1      | vishdafish the Demonspawn Skald began the quest for the Orb.
     0 | D:1      | Reached XP level 1. HP: 16/16 MP: 3/3
    58 | D:1      | Reached skill level 1 in Armour
   124 | D:1      | Gained mutation: You are partially covered in slimy green scales. (AC +2) [demonic ancestry]
   124 | D:1      | Reached XP level 2. HP: 12/22 MP: 3/5
   834 | D:1      | Reached XP level 3. HP: 27/27 MP: 3/6
  1604 | D:2      | Reached XP level 4. HP: 7/33 MP: 4/7
  1624 | D:1      | HP: 1/33 [poisoned by a worker ant]
  2814 | D:3      | Reached XP level 5. HP: 32/38 MP: 8/8
  2817 | D:3      | Noticed Natasha
  2822 | D:3      | Killed Natasha
  2885 | D:3      | Noticed Natasha
  2901 | D:3      | Slain by Natasha

Vault maps used:
D:1:      dpeg_arrival_houses_and_road
D:3:      minitemple, first_ration, uniq_natasha, uniq_crazy_yiuf_cottage,
          uniq_jessica

Skill      XL: |  1  2  3  4 |
---------------+-------------+-----
Armour         | 1 2 |  2.1
Polearms       | 2 3 |  3.4
Dodging        | 2 |  2.7
Charms         | 3 |  3.4
Fighting       | |  2.0
Spellcasting   | |  2.0

Action                   |  1- 3 |  4- 6 || total
-------------------------+-------+-------++-------
Melee: Spear             |   206 |    48 ||   254
       Trident           |       |    47 ||    47
 Cast: Infusion          |     6 |     8 ||    14
  Use: Scroll            |     1 |     1 ||     2
       Potion            |       |     2 ||     2
 Stab: Sleeping          |       |     1 ||     1
  Eat: Chunk             |     2 |     4 ||     6
Armor: Leather armour    |    57 |    27 ||    84
Dodge: Dodged            |   114 |    55 ||   169

Table legend:
 A = Spawn XP
 B = Non-spawn XP
 C = Spawn XP percentage of total XP
 D = Spawn monster count
 E = Non-spawn monster count
 F = Spawn count percentage of total count
 G = Total turns spent on level
                    A         B        C        D         E        F      G
               +---------+---------+-------+---------+---------+-------+---------
         Total |       0 |     255 |   0.0 |       0 |      72 |   0.0 |  2901
               +---------+---------+-------+---------+---------+-------+---------
           D:1 |       0 |      57 |   0.0 |       0 |      33 |   0.0 |  1616
           D:2 |       0 |     131 |   0.0 |       0 |      30 |   0.0 |  1111
           D:3 |       0 |      67 |   0.0 |       0 |       9 |   0.0 |   174
               +---------+---------+-------+---------+---------+-------+---------
